 Dungeon Crawl Stone Soup version 0.30-a0-218-gedb9141078 (webtiles) character file.

Game seed: 9671303112191040432

12690 heikuro the Carver (level 12, -1/94 HPs)
             Began as a Formicid Fighter on Oct 6, 2022.
             Was a High Priest of Wu Jian.
             Slain by Rupert
             ... wielding a +2 battleaxe of freezing
              (6 damage)
             ... on level 12 of the Dungeon.
             The game lasted 00:43:44 (10705 turns).

heikuro the Carver (Formicid Fighter)              Turns: 10705, Time: 00:43:44

Health: -1/94      AC: 16    Str: 31    XL:     12   Next: 23%
Magic:  12/12      EV:  8    Int:  7    God:    Wu Jian [*****.]
Gold:   574        SH: 17    Dex: 17    Spells: 11/11 levels left

rFire   + . .      SeeInvis +    a - +3 scimitar (freeze)
rCold   . . .      Faith    .    p - +0 tower shield
rNeg    . . .      Spirit   .    D - +2 scale mail {rF+}
rPois   .          Reflect  .    (helmet unavailable)
rElec   .          Harm     .    I - +1 cloak
rCorr   .          Rampage  .    (no gloves)
Will    ++...                    x - +0 pair of boots
Stlth   ..........               f - amulet of regeneration
HPRegen 2.75/turn                i - ring of willpower
MPRegen 0.13/turn                j - +6 ring of strength

@: no status effects
A: permanent stasis, dig shafts and tunnels, antennae 3, four strong arms,
iridescent scales 1, agile 1, regeneration 2
a: Dig, Shaft Self, Renounce Religion, Wall Jump, Serpent's Lash, Heavenly Storm


You were on level 12 of the Dungeon.
You worshipped Wu Jian.
Wu Jian was extremely pleased with you.
You visited 2 branches of the dungeon, and saw 13 of its levels.

You collected 574 gold pieces.

Inventory:

Hand Weapons
 a - a +3 scimitar of freezing (weapon)
 b - a +0 sling
 s - a +0 vorpal falchion
 E - a +2 dagger of electrocution
Missiles
 e - 111 stones
 m - 29 poisoned darts
 K - a curare-tipped dart
Armour
 k - a +0 plate armour
 p - a +0 tower shield (worn)
 x - a +0 pair of boots (worn)
 D - a +2 scale mail of fire resistance (worn)
 I - a +1 cloak (worn)
Jewellery
 f - an amulet of regeneration (around neck)
 i - a ring of willpower (left hand)
 j - a +6 ring of strength (right hand)
 F - a ring of resist corrosion
 Q - a ring of protection from fire
 R - a ring of willpower
Wands
 v - a wand of paralysis (8)
 A - a wand of light (7)
 H - a wand of mindburst (5)
 M - a wand of iceblast (6)
Scrolls
 c - 2 scrolls of teleportation {unknown}
 h - a scroll of summoning {unknown}
 n - 3 scrolls of vulnerability {unknown}
 q - 2 scrolls of brand weapon {unknown}
 r - 2 scrolls of fear
 t - a scroll of torment {unknown}
 u - 2 scrolls of poison {unknown}
 y - a scroll of magic mapping {unknown}
 B - 2 scrolls of fog {unknown}
 C - a scroll of immolation {unknown}
 J - 2 scrolls of identify
 O - a scroll of enchant armour {unknown}
Potions
 d - 6 potions of might
 g - 3 potions of curing
 l - a potion of attraction
 o - 3 potions of mutation
 w - 2 potions of heal wounds
 z - a potion of resistance
 G - 2 potions of lignification
 L - a potion of brilliance
 P - 2 potions of invisibility


   Skills:
 + Level 8.6 Fighting
 * Level 10.6 Long Blades
 + Level 7.0 Ranged Weapons
 + Level 8.7 Armour
 + Level 10.4 Shields
 + Level 6.8 Evocations


You had 11 spell levels left.
You didn't know any spells.
Your spell library contained the following spells:

 Spells                   Type           Power      Damage    Failure   Level
 Freeze                   Ice            0%         1d3       98%         1
 Kiss of Death            Conj/Necr      0%         2d5       98%         1
 Sandblast                Erth           0%         2d4       98%         1
 Passwall                 Tmut/Erth      0%         N/A       99%         2
 Static Discharge         Conj/Air       0%         2-2/arc   99%         2
 Call Canine Familiar     Summ           0%         N/A       100%        3
 Confusing Touch          Hex            0%         N/A       100%        3
 Frozen Ramparts          Ice            0%         1d1       100%        3
 Hailstorm                Conj/Ice       0%         3d3       100%        3
 Inner Flame              Hex/Fire       0%         N/A       100%        3
 Portal Projectile        Hex/Tloc       0%         N/A       100%        3
 Stone Arrow              Conj/Erth      0%         3d7       100%        3
 Tukima's Dance           Hex            0%         N/A       100%        3
 Vhi's Electric Charge    Tloc/Air       0%         N/A       100%        3
 Dispel Undead            Necr           0%         3d6       100%        4
 Flame Wave               Conj/Fire      0%         2d4       100%        4
 Leda's Liquefaction      Hex/Erth       0%         N/A       100%        4
 Passage of Golubria      Tloc           0%         N/A       100%        4
 Sticky Flame             Conj/Fire      0%         2d3       100%        4
 Arcjolt                  Conj/Air       0%         1d10      100%        5
 Lightning Bolt           Conj/Air       0%         1d11      100%        5
 Yara's Violent Unravell  Hex/Tmut       0%         3d3       100%        5


Dungeon Overview and Level Annotations

Branches:
Dungeon (12/15)            Temple (1/1) D:6            Lair (0/5) D:9
    Orc: D:9-12

Altars:
Ashenzari
Cheibriados
Dithmenos
Elyvilon
Fedhas
Gozag
Hepliaklqana
Kikubaaqudgha
Makhleb
Nemelex Xobeh
Okawaru
Qazlal
Ru
Sif Muna
Trog
Uskayaw
Vehumet
Wu Jian
Xom
Yredelemnul
Zin
The Shining One

Shops:
D:1 (

Annotations:
D:10 1 transporter
D:12 Rupert


Innate Abilities, Weirdness & Mutations

You cannot be hasted, slowed, berserked, paralysed or teleported.
You can dig through walls and to a lower floor.
You have a pair of large antennae on your head. (SInv)
Your four strong arms can wield two-handed weapons with a shield.
You are partially covered in iridescent scales. (AC +2)
You are agile. (Dex +4, Str/Int -1)
You heal very quickly.


Message History

Rupert roars wildly at you.
You easily resist.
You see here a scroll of identify.
J - 2 scrolls of identify (gained 1)
You block Rupert's attack.
You spin and attack Rupert.
You hit Rupert but do no damage.
Rupert hits you with a +2 battleaxe of freezing!!
Rupert freezes you!
Unknown command.
Press: ? - help, v - describe, . - travel
Here: Rupert, wielding a +2 battleaxe of freezing and wearing a +0 ring mail of fire resistance The floor.
Aiming: Paralyse
Press: ? - help, Shift-Dir - straight line, f - Rupert
Aim: Rupert, wielding a +2 battleaxe of freezing and wearing a +0 ring mail of fire resistance (chance to affect: 7%)
Okay, then.
Aiming: Mindburst
Press: ? - help, Shift-Dir - straight line, f - Rupert
Aim: Rupert, wielding a +2 battleaxe of freezing and wearing a +0 ring mail of fire resistance (chance to affect: 22%)
Okay, then.
Unknown command.
You spin and attack Rupert.
You barely miss Rupert. Rupert roars wildly at you.
You easily resist.
Unknown command.
You spin and attack Rupert.
You slash Rupert! You freeze Rupert.
Rupert is lightly wounded.
You block Rupert's attack. Rupert attacks as you move away!
Rupert hits you with a +2 battleaxe of freezing!!
Rupert freezes you!
* * * LOW HITPOINT WARNING * * *
Rupert roars madly and goes into a rage!
Rupert goes berserk!
Rupert closely misses you. Rupert attacks as you move away!
Rupert hits you with a +2 battleaxe of freezing!!
* * * LOW HITPOINT WARNING * * *
Rupert freezes you.
You die...

.............#
..............##
...............#
..............##
..........#....###
..........#......#
......?.#......###
.......##@....##
..#..<@))....# .
###...)....#
#.........#
....##..#....#
....#...#....#
..#.......#.### .
#..#....###
#..#.##.# #. ..
...


You could see Rupert (berserk).

Vanquished Creatures
  A hydra (D:10)
  Erolcha (D:9)
  2 two-headed ogres
  Pikel (D:3)
  A cyclops (D:11)
  A gargoyle (D:11)
  5 trolls
  Sigmund (D:6)
  2 wraiths
  2 vampires
  A wyvern (D:9)
  Eustachio (D:4)
  16 yaks
  A basilisk (D:8)
  Duvessa (D:5)
  9 orc warriors
  2 ice beasts (D:7)
  2 sky beasts (D:7)
  An ogre (D:7)
  2 black bears
  A centaur (D:9)
  2 phantoms
  2 bullfrogs
  3 kobold brigands
  2 gnoll sergeants
  A scorpion (D:5)
  2 necrophages
  3 wights (D:8)
  Dowan (D:5)
  12 killer bees (D:9)
  4 howler monkeys
  2 jellies (D:7)
  10 orc priests
  2 hounds
  Crazy Yiuf (D:7)
  Ijyb (D:4)
  A gnoll bouda (D:5)
  3 iguanas
  14 orc wizards
  Robin (D:2)
  13 gnolls
  8 adders
  2 shadow imps (D:8)
  A white imp (D:5)
  An ufetubus (D:6)
  3 worms
  A dart slug (D:2)
  52 orcs
  2 bats
  3 endoplasms
  5 giant cockroaches
  16 goblins
  8 hobgoblins
  5 quokkas
  11 ball pythons
  7 frilled lizards
  21 kobolds
  6 rats
286 creatures vanquished.

Vanquished Creatures (others)
  An orc wizard (D:7)
  2 plants (D:3)
3 creatures vanquished.

Grand Total: 289 creatures vanquished

Notes
Turn   | Place    | Note
-------+----------+-------------------------------------------
     0 | D:1      | heikuro the Formicid Fighter began the quest for the Orb.
     0 | D:1      | Reached XP level 1. HP: 18/18 MP: 1/1
    90 | D:1      | Reached XP level 2. HP: 24/24 MP: 2/2
   450 | D:1      | Found Myfanuw's Weapon Emporium.
   492 | D:1      | Reached XP level 3. HP: 29/29 MP: 3/3
   494 | D:1      | Found a faded altar of an unknown god.
   499 | D:1      | Prayed at the altar of an unknown god.
   499 | D:1      | Became a worshipper of the Wu Jian Council
   499 | D:1      | Reached * piety under Wu Jian
  1288 | D:2      | Noticed Robin
  1423 | D:2      | Reached XP level 4. HP: 30/37 MP: 4/4
  1429 | D:2      | Killed Robin
  1661 | D:2      | Reached ** piety under Wu Jian
  1942 | D:2      | Reached XP level 5. HP: 41/42 MP: 5/5
  2065 | D:3      | Gained mutation: Your natural rate of healing is unusually
                  | fast. [potion of mutation]
  2065 | D:3      | Gained mutation: You have hidden genetic potential. [potion
                  | of mutation]
  2065 | D:3      | Gained mutation: You are partially covered in iridescent
                  | scales. (AC +2) [potion of mutation]
  2869 | D:4      | Noticed Eustachio
  2912 | D:4      | Killed Eustachio
  2913 | D:4      | Reached skill level 1 in Ranged Weapons
  2913 | D:4      | Reached skill level 5 in Shields
  2913 | D:4      | Reached XP level 6. HP: 43/48 MP: 6/6
  2915 | D:4      | Gained mutation: You heal very quickly. [hidden potential]
  2954 | D:4      | Noticed Pikel
  3080 | D:4      | Noticed Ijyb
  3149 | D:4      | Killed Ijyb
  3479 | D:3      | Killed Pikel
  3480 | D:3      | Reached skill level 5 in Fighting
  3480 | D:3      | Reached skill level 5 in Long Blades
  3480 | D:3      | Reached skill level 5 in Armour
  3480 | D:3      | Reached XP level 7. HP: 41/56 MP: 7/7
  3480 | D:3      | Reached XP level 8. HP: 45/62 MP: 8/8
  3485 | D:3      | Gained mutation: You are agile. (Dex +4, Str/Int -1)
                  | [hidden potential]
  3485 | D:3      | Lost mutation: You have hidden genetic potential. [hidden
                  | potential expressed]
  3720 | D:5      | Entered Level 5 of the Dungeon
  3773 | D:5      | Found a stormy altar of Qazlal.
  3808 | D:5      | Found a shimmering altar of Xom.
  3946 | D:5      | Reached *** piety under Wu Jian
  4260 | D:5      | Noticed Dowan
  4262 | D:5      | Noticed Duvessa
  4276 | D:5      | Killed Duvessa
  4277 | D:5      | Reached skill level 1 in Evocations
  4278 | D:5      | Killed Dowan
  4532 | D:5      | Found a radiant altar of Vehumet.
  4674 | D:6      | Noticed Sigmund
  4696 | D:6      | Killed Sigmund
  4697 | D:6      | Reached XP level 9. HP: 68/68 MP: 9/9
  5210 | D:6      | Found a staircase to the Ecumenical Temple.
  5268 | Temple   | Entered the Ecumenical Temple
  5641 | D:6      | Found an opulent altar of Gozag.
  5705 | D:7      | Found an iron altar of Okawaru.
  5990 | D:7      | Noticed a two-headed ogre
  6211 | D:7      | Killed a two-headed ogre
  6212 | D:7      | Reached XP level 10. HP: 77/77 MP: 10/10
  6274 | D:7      | Reached **** piety under Wu Jian
  6404 | D:7      | Found a runed translucent door.
  6405 | D:7      | Noticed Crazy Yiuf
  6410 | D:7      | Killed Crazy Yiuf
  6577 | D:7      | Reached skill level 5 in Ranged Weapons
  7495 | D:8      | Reached skill level 5 in Evocations
  7519 | D:9      | Found a staircase to the Lair.
  7567 | D:9      | Reached XP level 11. HP: 83/84 MP: 11/11
  7653 | D:9      | Reached ***** piety under Wu Jian
  7854 | D:9      | Noticed Erolcha
  7868 | D:9      | Killed Erolcha
  8689 | D:10     | Entered Level 10 of the Dungeon
  8770 | D:10     | Found a transporter.
  8772 | D:10     | Found a transporter.
  8774 | D:10     | Found a transporter.
  8776 | D:10     | Found a transporter.
  8791 | D:10     | Found a sparkling altar of Nemelex Xobeh.
  9869 | D:11     | Reached skill level 10 in Long Blades
  9928 | D:11     | Noticed a seven-headed hydra
 10036 | D:10     | Killed a nine-headed hydra
 10037 | D:10     | Reached skill level 10 in Shields
 10226 | D:11     | Noticed a two-headed ogre
 10248 | D:11     | Reached XP level 12. HP: 94/94 MP: 12/12
 10332 | D:11     | Killed a two-headed ogre
 10691 | D:12     | Noticed Rupert
 10705 | D:12     | Slain by Rupert

Illustrated notes

Levels and vault maps discovered:
D:1:      lightli_arrival_lavapool, layout_loops_corners, serial_shops,
          nicolae_shop_temple_entry_statues_fountains,
          chequers_ecumenical_altar_lobes, minmay_box_of_dots
D:2:      layout_loops_cross, grunt_decor_mini_mirrors, uniq_robin
D:3:      layout_loops_ring, guppyfry_early_lair_pool
D:4:      layout_rooms, uniq_pikel, uniq_eustachio, uniq_ijyb
D:5:      layout_loops_corners, nicolae_qazlal_scattered_showers,
          xom_teletrap_fun, nicolae_vehumet_radiance, uniq_duvessa
D:6:      layout_basic, nicolae_gozag_cash_rules_everything_around_me,
          minmay_temple_entry_butterflies, uniq_sigmund
D:7:      layout_cave_pools, nicolae_overflow_hidden_temple,
          minmay_a_box_with_orc_wizards_in_it, uniq_crazy_yiuf_cottage
D:8:      layout_cave_pools
D:9:      layout_loops_ring, david_lair_generic, serial_co_window_serial,
          co_window_corner_a, co_window_corner_a, co_window_paths_a,
          co_window_corner_a, co_window_paths_a, co_window_of_opportunity_b,
          co_window_corner_b, co_window_paths_c, co_window_2corner,
          co_window_broadway_c, uniq_erolcha
D:10:     layout_basic, nemelex_xobeh_ov_fountains_minmay,
          nicolae_diode_intersection
D:11:     layout_loops_cross, amcnicky_mini_pool_small
D:12:     layout_cave_pools, erik_orc_4, uniq_sonja, uniq_rupert
Temple:   kb_temple_of_zot

Skill      XL: |  1  2  3  4  5  6  7  8  9 10 11 12 |
---------------+-------------------------------------+-----
Long Blades    | 3 4 5 6 7 8 10 | 10.6
Armour         | 4 5 6 7 8 |  8.7
Fighting       | 4 5 6 7 8 |  8.6
Ranged Weapons | 1 2 3 4 5 6 7 |  7.0
Shields        | 5 6 8 10 | 10.4
Evocations     | 2 4 5 6 |  6.8

Action                   |  1- 3 |  4- 6 |  7- 9 | 10-12 || total
-------------------------+-------+-------+-------+-------++-------
Melee: Long sword        |   123 |   300 |   368 |       ||   791
       Unarmed           |       |    45 |       |       ||    45
       Falchion          |       |       |    10 |   347 ||   357
       Scimitar          |       |       |       |   451 ||   451
       Dagger            |       |       |       |     3 ||     3
 Fire: Sling             |       |     5 |     2 |     3 ||    10
Invok: Whirlwind         |    49 |   195 |   247 |   476 ||   967
       Lunge             |     4 |     6 |     9 |    25 ||    44
 Abil: Dig               |     3 |       |     1 |     3 ||     7
       Wall Jump         |       |     7 |    16 |    27 ||    50
Evoke: Wand              |       |       |     2 |     5 ||     7
  Use: Scroll            |     1 |     2 |     3 |     8 ||    14
       Potion            |       |     1 |       |       ||     1
 Stab: Paralysed         |       |       |    10 |     4 ||    14
Armor: Scale mail        |    63 |    98 |    32 |   249 ||   442
       Chain mail        |       |       |    97 |       ||    97
Dodge: Dodged            |    63 |   124 |    92 |   183 ||   462
Block: Buckler           |    30 |    26 |       |       ||    56
       Kite shield       |       |   118 |   176 |   154 ||   448
       Tower shield      |       |       |       |   460 ||   460

Table legend: (Time is in decaauts)
 A = Elapsed time spent in this place.
 B = Non-inter-level travel time spent in this place.
 C = Inter-level travel time spent in this place.
 D = Time resting spent in this place.
 E = Time spent auto-exploring this place.
 F = Levels seen in this place.
 G = Mean time per level.
                   A        B        C        D        E       F      G
               +--------+--------+--------+--------+--------+-----+--------+
         Total |  10845 |  10270 |    575 |    329 |   5043 |  13 |  834.2 |
       Dungeon |  10727 |  10167 |    560 |    329 |   4951 |  12 |  893.9 |
        Temple |    118 |    103 |     15 |      0 |     92 |   1 |  118.0 |
               +--------+--------+--------+--------+--------+-----+--------+

Top non-repeatable levels by time:
     D:9: 1261 daAuts
     D:1: 1162 daAuts
    D:10: 1158 daAuts
     D:7: 1098 daAuts
     D:3: 1029 daAuts
     D:6: 988 daAuts
     D:5: 939 daAuts
     D:2: 932 daAuts
    D:11: 843 daAuts
     D:4: 650 daAuts
     D:8: 628 daAuts
  Temple: 118 daAuts
    D:12: 34 daAuts
